 Dungeon Crawl Stone Soup version 0.22-a0-91-g23542c2a9c (webtiles) character file.

29332 brujo666 the Covert (level 13, -7/98 HPs)
             Began as a Demonspawn Assassin on Jan 22, 2018.
             Was a High Priest of Dithmenos.
             Mangled by a komodo dragon (32 damage)
             ... on level 1 of the Lair of Beasts.
             The game lasted 01:20:40 (19468 turns).

brujo666 the Covert (Demonspawn Assassin)          Turns: 19468, Time: 01:20:41

Health: -7/98      AC: 13    Str: 12    XL:     13   Next: 14%
Magic:  20/20      EV: 16    Int: 23    God:    Dithmenos [*****.]
Gold:   815        SH:  0    Dex: 15    Spells: 10/12 levels left

rFire    . . .     SeeInvis .   W - +3 rapier (venom)
rCold    . . .     Gourm    .   (no shield)
rNeg     . . .     Faith    .   R - +3 robe of Yesterday {rElec rF- MR+ rCorr}
rPois    .         Spirit   .   P - +1 hat
rElec    +         Reflect  .   x - scarf {repulsion}
rCorr    +         Harm     .   b - +1 pair of gloves
MR       +....                  L - +0 pair of boots
Stlth    ++++++++..             F - amulet of rage
HPRegen  0.26/turn              S - ring of protection from fire
MPRegen  0.17/turn              m - +6 ring of intelligence

@: wreathed by umbra, repel missiles
A: claws 2, thin metallic scales 3, powered by death 1
a: Shadow Step, Shadow Form, Renounce Religion, Evoke Berserk Rage


You were on level 1 of the Lair of Beasts.
You worshipped Dithmenos.
Dithmenos was extremely pleased with you.
You were not hungry.

You visited 2 branches of the dungeon, and saw 15 of its levels.

You collected 815 gold pieces.

Inventory:

Hand Weapons
 y - a +3 blowgun
 W - a +3 rapier of venom (weapon)
 Y - a +2 quick blade
Missiles
 e - 39 poisoned needles
 f - a curare-tipped needle
 E - 4 javelins (quivered)
Armour
 b - a +1 pair of gloves (worn)
 w - a +1 leather armour of cold resistance
 x - a scarf of repulsion (worn)
 J - a +1 leather armour of cold resistance
 L - a +0 pair of boots (worn)
 P - a +1 hat (worn)
 R - the +3 robe of Yesterday (worn) {rElec rF- MR+ rCorr}
   (You found it on level 9 of the Dungeon)

   It makes you vulnerable to fire.
   It insulates you from electricity.
   It affects your resistance to hostile enchantments.
   It protects you from acid and corrosion.
Jewellery
 c - an uncursed ring of protection from cold
 m - a +6 ring of intelligence (right hand)
 s - an uncursed ring of see invisible
 t - an uncursed ring of flight
 z - an uncursed ring of protection from cold
 F - an amulet of rage (around neck)
 G - an uncursed amulet of magic regeneration
 H - an uncursed amulet of faith {unknown}
 O - a cursed amulet of inaccuracy {unknown}
 S - a ring of protection from fire (left hand)
 T - an uncursed ring of resist corrosion
Wands
 i - a wand of digging (8)
 l - a wand of paralysis (11)
 B - a wand of iceblast (8)
Scrolls
 h - a scroll of identify
 j - 2 scrolls of amnesia
 p - 2 scrolls of remove curse
 q - 4 scrolls of fear
 r - 2 scrolls of teleportation
 C - 4 scrolls of fog
 D - a scroll of silence
 I - a scroll of enchant armour
 U - 3 scrolls of magic mapping
Potions
 a - a potion of berserk rage
 k - 5 potions of mutation
 n - 2 potions of brilliance
 o - 4 potions of might
 u - 4 potions of flight
 v - a potion of cancellation
 A - a potion of resistance {unknown}
 K - a potion of agility
 M - 2 potions of ambrosia
 N - 2 potions of heal wounds
 X - 2 potions of curing
Books
 Q - a book of Cantrips

   Spells                             Type                      Level
   a - Confusing Touch                Hexes                        1
   b - Animate Skeleton               Necromancy                   1
   c - Summon Small Mammal            Summoning                    1
   d - Apportation                    Translocation                1
 V - a book of Flames

   Spells                             Type                      Level
   a - Flame Tongue                   Conjuration/Fire             1
   b - Throw Flame                    Conjuration/Fire             2
   c - Conjure Flame                  Conjuration/Fire             3
   d - Inner Flame                    Hexes/Fire                   3
   e - Sticky Flame                   Conjuration/Fire             4
   f - Fireball                       Conjuration/Fire             5
   Dithmenos disapproves of the use of such an item.
Miscellaneous
 d - a phial of floods
Comestibles
 g - 19 rations


   Skills:
 + Level 8.2 Fighting
 * Level 9.5 Short Blades
 - Level 2.3 Throwing
 + Level 3.6 Armour
 + Level 6.9 Dodging
 * Level 11.6 Stealth
 - Level 6.7 Hexes
 * Level 1.3 Translocations
 * Level 9.6 Invocations
 * Level 6.5 Evocations


You had 10 spell levels left.
You knew the following spells:

 Your Spells              Type           Power        Failure   Level  Hunger
a - Apportation           Tloc           #.....       9%          1    ##.....
b - Confusing Touch       Hex            ####..       1%          1    ##.....


Dungeon Overview and Level Annotations

Branches:
Dungeon (10/15)            Temple (0/1) D:6            Lair (5/6) D:10
 Shoals (0/4) Lair:3       Spider (0/4) Lair:4        Slime (0/5) Lair:5
    Orc (0/2) D:10

Altars:
Dithmenos
Elyvilon
Fedhas
Gozag
Hepliaklqana
Makhleb
Okawaru
Qazlal
Trog
Vehumet
Xom
Yredelemnul
The Shining One
Beogh
Jiyva

Shops:
D:10 *

Annotations:
D:4 Natasha
D:5 GOR's ghost, novice MfSk
Lair:1 exclusion: oklob plant
Lair:5 exclusion: 2 oklob plants


Innate Abilities, Weirdness & Mutations

You have very sharp fingernails.
You are completely covered in thin metallic scales. (AC +4, rElec)
You regenerate a little health from kills.


Message History

The komodo dragon is lightly wounded.
The komodo dragon bites you!
You hit the komodo dragon.
The komodo dragon looks as sick as possible!
The komodo dragon is lightly wounded.
The komodo dragon bites you!!
You emit a cloud of dark smoke.
You hit the komodo dragon but do no damage.
The komodo dragon looks as sick as possible!
The komodo dragon is lightly wounded.
You hit the komodo dragon.
The komodo dragon is moderately wounded.
The komodo dragon bites you!!
* * * LOW HITPOINT WARNING * * *
You hit the komodo dragon.
The komodo dragon is moderately wounded.
The komodo dragon misses you.
You hit the komodo dragon but do no damage.
The komodo dragon is heavily wounded.
The komodo dragon bites you!!
You die...

##.#.#.#P.##...#.##.#.#.#..#...P.
##.#.#....##...#.##.#...#.##.#...
# #.##.##.#.#....#...#..>...#. #
...#..##...#.P#.#...#......#. #
...#.##÷##.#...##...#.......... #
...#. #.##.#§§§.#.#...#......#.
...#...##.##..§§§##.#.#.#........
...#.#.P#....§§l§##.#..........#.
##.#......##.#.§@##............#.
.#...#.#..#..§§§§§..#.#..........
#..#.#.#...#.#..§##...#.#......#.
##.#...##.##.#.#.##...#.#....#.#.
#....#..#..#.#...##.#)..#....#.P.
.....#.#..##.#.#..#.#.#.#.##.#...
..........##...#.P#.#.#...##.#.#.
##...#....##.....##.#.#.P.P#.....
##.†.#.##.#.......#.#...# #.#.#.


You could see a komodo dragon.

Vanquished Creatures
  8 hydras
  3 two-headed ogres
  Urug (Lair:5)
  An oklob plant (Lair:4)
  A black mamba (Lair:2)
  6 elephants
  3 komodo dragons
  6 spiny frogs
  A rime drake (Lair:5)
  2 polar bears
  Grinder (D:4)
  2 trolls
  12 blink frogs
  3 hippogriffs
  Sigmund (D:6)
  A vampire (D:10)
  A basilisk (Lair:1)
  Eustachio (D:6)
  29 yaks
  2 wyverns
  5 water moccasins
  9 porcupines
  2 ice beasts
  4 orc warriors
  3 black bears (D:10)
  3 ogres
  4 phantoms
  10 centaurs
  4 crocodiles
  A big kobold (D:10)
  15 bullfrogs
  8 scorpions
  4 killer bees (D:7)
  3 howler monkeys
  2 bullfrog zombies
  4 crimson imps
  A quasit (D:10)
  A centaur zombie (D:6)
  A bullfrog skeleton (D:5)
  5 hounds
  6 jellies
  5 orc priests
  8 orc wizards
  Ijyb (D:4)
  8 iguanas
  7 worker ants
  Natasha (twice) (D:4)
  2 hound skeletons
  2 howler monkey skeletons (D:6)
  17 adders
  A shadow imp (D:7)
  6 oozes
  2 adder skeletons
  An adder zombie (D:8)
  3 dart slugs
  4 leopard geckos
  31 orcs
  A ball python (D:8)
  7 giant cockroaches
  5 goblins
  7 hobgoblins
  16 jackals
  4 quokkas
  8 bats
  8 frilled lizards
  14 kobolds
  A leopard gecko skeleton (D:4)
  10 rats
361 creatures vanquished.

Vanquished Creatures (others)
  An adder (D:10)
  58 fungi
  24 plants
83 creatures vanquished.

Grand Total: 444 creatures vanquished

Notes
Turn   | Place    | Note
-------+----------+-------------------------------------------
     0 | D:1      | brujo666 the Demonspawn Assassin began the quest for the Orb.
     0 | D:1      | Reached XP level 1. HP: 16/16 MP: 1/1
   228 | D:1      | Reached skill level 1 in Dodging
   368 | D:1      | Gained mutation: You have sharp fingernails. [demonic ancestry]
   368 | D:1      | Reached XP level 2. HP: 5/22 MP: 2/2
   768 | D:1      | Reached skill level 4 in Stealth
  1199 | D:1      | Reached XP level 3. HP: 23/28 MP: 3/3
  1818 | D:2      | Reached XP level 4. HP: 14/34 MP: 4/4
  2090 | D:2      | Found a faded altar of an unknown god.
  3157 | D:3      | Reached XP level 5. HP: 33/40 MP: 5/5
  3275 | D:3      | Found an opulent altar of Gozag.
  3403 | D:3      | Found a shadowy altar of Dithmenos.
  3433 | D:3      | Became a worshipper of Dithmenos the Shadowed
  3520 | D:3      | Reached skill level 5 in Stealth
  3744 | D:3      | Found a basalt altar of Yredelemnul.
  3754 | D:3      | Found a blossoming altar of Fedhas.
  4322 | D:4      | Gained mutation: You regenerate a little health from kills. [demonic ancestry]
  4322 | D:4      | Reached XP level 6. HP: 47/47 MP: 6/6
  4360 | D:4      | Noticed Natasha
  4363 | D:4      | Killed Natasha
  4380 | D:4      | Found a stormy altar of Qazlal.
  4412 | D:4      | Noticed Ijyb
  4418 | D:4      | Killed Ijyb
  4488 | D:4      | Reached skill level 1 in Invocations
  4495 | D:4      | Noticed Natasha
  4508 | D:4      | Killed Natasha
  4509 | D:4      | Found a glowing golden altar of the Shining One.
  4564 | D:4      | Noticed Natasha
  4958 | D:4      | Noticed Grinder
  4970 | D:4      | Killed Grinder
  4970 | D:4      | Reached skill level 6 in Stealth
  4970 | D:4      | Gained mutation: You are partially covered in thin metallic scales. (AC +2) [demonic ancestry]
  4970 | D:4      | Reached XP level 7. HP: 35/53 MP: 7/9
  5220 | D:5      | Entered Level 5 of the Dungeon
  5236 | D:5      | Reached * piety under Dithmenos
  5980 | D:5      | Found an iron altar of Okawaru.
  6156 | D:5      | Noticed GOR's ghost (novice MfSk)
  6261 | D:5      | Found a radiant altar of Vehumet.
  6435 | D:5      | Found a shimmering altar of Xom.
  6468 | D:5      | Found a burning altar of Makhleb.
  6477 | D:5      | Reached XP level 8. HP: 56/60 MP: 11/11
  6551 | D:6      | Found a bloodstained altar of Trog.
  6640 | D:6      | Reached skill level 5 in Invocations
  6909 | D:6      | Found a white marble altar of Elyvilon.
  7137 | D:6      | Found a staircase to the Ecumenical Temple.
  7138 | D:6      | Noticed Eustachio
  7152 | D:6      | Killed Eustachio
  7152 | D:6      | Reached skill level 7 in Stealth
  7152 | D:6      | Reached skill level 1 in Evocations
  7192 | D:6      | Noticed Sigmund
  7213 | D:6      | Killed Sigmund
  7540 | D:7      | Reached skill level 5 in Fighting
  7633 | D:7      | Gained mutation: You are mostly covered in thin metallic scales. (AC +3) [demonic ancestry]
  7633 | D:7      | Reached XP level 9. HP: 64/68 MP: 8/12
  7639 | D:7      | Reached ** piety under Dithmenos
  7863 | D:7      | Reached skill level 5 in Short Blades
  8004 | D:7      | Reached skill level 8 in Stealth
  8201 | D:7      | Noticed a troll
  8222 | D:7      | Killed a troll
  9306 | D:8      | Reached *** piety under Dithmenos
  9326 | D:8      | Noticed a five-headed hydra
  9788 | D:8      | Killed a five-headed hydra
  9788 | D:8      | Reached skill level 5 in Evocations
  9788 | D:8      | Reached XP level 10. HP: 76/76 MP: 12/14
 10532 | D:9      | Noticed a two-headed ogre
 10534 | D:9      | Reached skill level 9 in Stealth
 10543 | D:9      | Killed a two-headed ogre
 10744 | D:9      | Got a creamy pearl robe
 10774 | D:9      | Identified the +3 robe of Yesterday {rElec rF- MR+ rCorr} (You found it on level 9 of the Dungeon)
 10944 | D:9      | Learned a level 1 spell: Apportation
 10946 | D:9      | Learned a level 1 spell: Confusing Touch
 11024 | D:9      | Found a hazy altar of Hepliaklqana.
 11252 | D:9      | Reached skill level 5 in Dodging
 11429 | D:9      | Reached skill level 1 in Hexes
 12052 | D:10     | Entered Level 10 of the Dungeon
 12236 | D:10     | Noticed a two-headed ogre
 12237 | D:10     | Found a staircase to the Orcish Mines.
 12270 | D:10     | Killed a two-headed ogre
 12290 | D:10     | Reached **** piety under Dithmenos
 12378 | D:10     | Found a roughly hewn altar of Beogh.
 12437 | D:10     | Found Fano's Serpentskin Sales.
 12464 | D:10     | Gained mutation: You have very sharp fingernails. [demonic ancestry]
 12464 | D:10     | Reached XP level 11. HP: 83/83 MP: 13/15
 12799 | D:10     | Reached skill level 10 in Stealth
 13022 | D:10     | Found a staircase to the Lair.
 13148 | D:10     | Noticed a two-headed ogre
 13165 | D:10     | Killed a two-headed ogre
 13589 | Lair:1   | Entered Level 1 of the Lair of Beasts
 13745 | Lair:1   | Noticed an oklob plant
 13760 | Lair:1   | Identified a scroll of acquirement
 13883 | Lair:1   | Reached skill level 1 in Armour
 14056 | Lair:1   | Noticed a seven-headed hydra
 14063 | Lair:1   | Killed a seven-headed hydra
 14244 | Lair:1   | Noticed a five-headed hydra
 14371 | Lair:2   | Reached skill level 5 in Hexes
 14382 | Lair:2   | Noticed a catoblepas
 14426 | Lair:2   | Noticed a four-headed hydra
 14962 | Lair:2   | Reached ***** piety under Dithmenos
 15242 | Lair:3   | Reached XP level 12. HP: 70/91 MP: 17/17
 15778 | Lair:3   | Found a staircase to the Shoals.
 16524 | Lair:4   | Reached skill level 11 in Stealth
 17177 | Lair:4   | Found a hole to the Spider Nest.
 17229 | Lair:4   | Got a transparent morningstar
 17230 | Lair:4   | Identified the +8 morningstar of Light {flame, *Drain rC+ Dex+2} (You found it on level 4 of the Lair of Beasts)
 17241 | Lair:4   | Found an opulent altar of Gozag.
 17778 | Lair:5   | Noticed a six-headed hydra
 17808 | Lair:5   | Noticed a seven-headed hydra
 17816 | Lair:5   | Noticed an eight-headed hydra
 17911 | Lair:5   | Noticed a five-headed hydra
 17914 | Lair:5   | Got a transparent trident
 17932 | Lair:5   | Found a staircase to the Slime Pits.
 17932 | Lair:5   | Found a viscous altar of Jiyva.
 17959 | Lair:4   | Identified the cursed +0 trident of Distant Shores {flame, MR++ Int-5 Dex+3} (You found it on level 5 of the Lair of Beasts)
 18244 | Lair:5   | Killed a six-headed hydra
 18538 | Lair:5   | Killed a five-headed hydra
 18575 | Lair:5   | Noticed Urug
 18582 | Lair:5   | Killed Urug
 18629 | Lair:5   | Killed a seven-headed hydra
 18853 | Lair:5   | Killed an eight-headed hydra
 18853 | Lair:5   | Gained mutation: You are completely covered in thin metallic scales. (AC +4, rElec) [demonic ancestry]
 18853 | Lair:5   | Reached XP level 13. HP: 98/98 MP: 20/20
 18993 | Lair:2   | Reached skill level 1 in Translocations
 19468 | Lair:1   | Mangled by a komodo dragon

Vault maps used:
D:1:      dpeg_arrival_three_same_balls, minmay_surrounded
D:2:      chequers_ecumenical_altar_simple
D:3:      grunt_gozag_breadcrumbs, nicolae_dithmenos_shadow_blocks,
          grunt_temple_overflow_open, first_ration
D:4:      grunt_qazlal_clouds, tso_metal_star, minmay_tree_intersection,
          uniq_ijyb, uniq_natasha, uniq_grinder
D:5:      grunt_temple_overflow_champion_of_chaos, kennysheep_mini_moat,
          old_standard_altar
D:6:      bloody_trog, kennysheep_mini, minmay_temple_entry_butterflies,
          uniq_sigmund, uniq_eustachio
D:8:      hangedman_little_slice_of_home, minmay_fountain_box
D:9:      old_forge, lemuel_round_altar, hangedman_decor_points
D:10:     due_lair_maze_entry_diamond, minmay_orc_entry_temple_small,
          guppyfry_shop_venom
Lair:1:   minivault_11, minmay_lair_oklob_items, serial_bayou_pond_a,
          patterned_corridor
Lair:3:   minmay_shoals_entry_centaurs, serial_bayou_pond_c
Lair:4:   spider_nest_entry_a, lemuel_oklob_altar
Lair:5:   slime_altar_1, grunt_megastairs_1, minmay_lair_oklob_chamber,
          uniq_urug

Skill      XL: |  1  2  3  4  5  6  7  8  9 10 11 12 13 |
---------------+----------------------------------------+-----
Dodging        | 1 2 3 4 5 6 |  6.9
Throwing       | 2 |  2.3
Stealth        | 4 5 6 7 8 9 10 11 | 11.6
Short Blades   | 2 3 4 6 7 8 9 |  9.5
Fighting       | 3 4 5 6 7 8 |  8.2
Invocations    | 3 4 5 7 9 |  9.6
Evocations     | 2 5 6 |  6.5
Hexes          | 3 5 6 |  6.7
Armour         | 2 3 |  3.6
Translocations | 1 |  1.3

Action                   |  1- 3 |  4- 6 |  7- 9 | 10-12 | 13-15 || total
-------------------------+-------+-------+-------+-------+-------++-------
Melee: Dagger            |   115 |   233 |    94 |       |       ||   442
       Short sword       |       |       |   570 |   598 |       ||  1168
       Rapier            |       |       |       |   471 |    46 ||   517
       Quick blade       |       |       |       |    27 |       ||    27
 Fire: Blowgun           |     3 |     4 |     2 |    14 |       ||    23
 Cast: Confusing Touch   |       |       |       |     4 |       ||     4
       Apportation       |       |       |       |    16 |       ||    16
 Abil: Evoke Berserk Rag |       |       |     9 |     8 |       ||    17
Evoke: Wand              |       |       |     7 |    14 |     6 ||    27
  Use: Scroll            |     5 |     8 |     7 |    23 |       ||    43
       Potion            |     1 |     4 |     2 |     1 |       ||     8
 Stab: Sleeping          |     3 |    10 |    20 |    34 |       ||    67
       Distracted        |       |       |       |     3 |     1 ||     4
       Paralysed         |       |       |       |     6 |     4 ||    10
  Eat: Chunk             |     3 |     7 |    23 |    29 |       ||    62
       Ration            |     2 |       |       |     3 |     1 ||     6
Armor: Robe              |    28 |    43 |       |   156 |     2 ||   229
       Leather armour    |       |     8 |    99 |    13 |       ||   120
Dodge: Dodged            |    75 |   103 |   305 |   690 |    23 ||  1196

Table legend:
 A = Spawn XP
 B = Non-spawn XP
 C = Spawn XP percentage of total XP
 D = Spawn monster count
 E = Non-spawn monster count
 F = Spawn count percentage of total count
 G = Total turns spent on level
                    A         B        C        D         E        F      G
               +---------+---------+-------+---------+---------+-------+---------
         Total |       0 |   41904 |   0.0 |       0 |     362 |   0.0 | 19468
               +---------+---------+-------+---------+---------+-------+---------
           D:1 |       0 |      43 |   0.0 |       0 |      26 |   0.0 |  1469
           D:2 |       0 |     103 |   0.0 |       0 |      24 |   0.0 |  1263
           D:3 |       0 |     144 |   0.0 |       0 |      18 |   0.0 |  1488
           D:4 |       0 |     630 |   0.0 |       0 |      15 |   0.0 |  1000
           D:5 |       0 |     538 |   0.0 |       0 |      20 |   0.0 |  1288
           D:6 |       0 |    1012 |   0.0 |       0 |      21 |   0.0 |  1002
           D:7 |       0 |    2033 |   0.0 |       0 |      36 |   0.0 |  1847
           D:8 |       0 |    1799 |   0.0 |       0 |      27 |   0.0 |  1152
           D:9 |       0 |    2289 |   0.0 |       0 |      26 |   0.0 |  1687
          D:10 |       0 |    6208 |   0.0 |       0 |      56 |   0.0 |  1393
        Lair:1 |       0 |    4743 |   0.0 |       0 |      18 |   0.0 |   853
        Lair:2 |       0 |    3594 |   0.0 |       0 |      10 |   0.0 |  1002
        Lair:3 |       0 |    4848 |   0.0 |       0 |      24 |   0.0 |  1504
        Lair:4 |       0 |    5400 |   0.0 |       0 |      20 |   0.0 |  1530
        Lair:5 |       0 |    8520 |   0.0 |       0 |      21 |   0.0 |   990
               +---------+---------+-------+---------+---------+-------+---------
